Map: [ESL] Site Delta

Players

msrm

  • Race: Zerg Zerg
  • League: Master
  • Spawn Location: 5:00

Geralt (Gerald) - Winner!

  • Race: Protoss Protoss
  • League: Master
  • Spawn Location: 11:00

Event: Bellum Gens Elite Stara Zagora 2024

VOD

Have the link to the VOD?

Description

Time

  • Played on: Sept. 6, 2024, 9:57 a.m.
  • Length: 6:54

All games in this series

Show
View Real Time Build Order
Export as new Build Order

msrm Zerg 

Build Orders: Pool First 

Get SALT Encoding   

  12  0:00  Drone  
  13  0:13  Overlord  
  13  0:17  Drone  
  14  0:31  Drone x2  
  14  0:35  Drone  
  17  0:45  Drone, Extractor  
  17  0:49  Spawning Pool  
  16  0:56  Drone  
  17  1:09  Drone  
  18  1:18  Drone  
  18  1:25  Hatchery  
  18  1:28  Drone  
  19  1:35  Queen  
  21  1:41  Overlord  
  21  1:48  Metabolic Boost  
  21  1:51  Zergling x2  
  22  2:02  Drone  
  23  2:11  Drone  
  24  2:23  Zergling x2  
  24  2:26  Lair  
  25  2:34  Zergling x2  
  25  2:37  Zergling x2, Queen  
  29  2:45  Zergling x4  
  29  2:46  Zergling x2  
  29  2:48  Zergling x2  
  29  2:49  Overlord  
  33  2:59  Drone x2  
  35  3:09  Zergling x4  
  37  3:17  Drone  
  37  3:19  Queen  
  40  3:28  Drone x4  
  40  3:29  Hydralisk Den  
  43  3:34  Overlord  
  42  3:54  Hatchery  
  36  4:01  Muscular Augments  
  35  4:09  Drone x4  
  37  4:10  Drone x3  
  39  4:27  Overlord x2  
  39  4:32  Overlord x2  
  39  4:40  Extractor  
  39  4:41  Extractor  
  39  4:42  Overlord  
  37  4:46  Drone  
  37  4:47  Drone x5  
  38  4:55  Hydralisk x2  
  39  5:00  Drone  
  39  5:04  Drone x2  
  42  5:08  Grooved Spines  
  42  5:18  Hydralisk  
  44  5:30  Zergling x4, Hydralisk x2  
  50  5:37  Hydralisk  
  50  5:39  Zergling x4  
  49  5:50  Hydralisk x2  
  47  6:03  Hydralisk x2  
  43  6:05  Zergling x2  
  48  6:22  Hydralisk x2  
  48  6:24  Zergling x2  
Show
View Real Time Build Order
Export as new Build Order

Geralt Protoss - Winner!

Build Orders: 1 Gate Expand, Oracle Opening 

Get SALT Encoding   

  12  0:00  Probe  
  13  0:12  Probe  
  14  0:19  Pylon  
  14  0:24  Probe  
  15  0:37  Probe (Chrono Boost)  
  15  0:40  Gateway  
  16  0:47  Probe (Chrono Boost)  
  16  0:49  Assimilator  
  17  0:52  Probe (Chrono Boost)  
  18  1:04  Probe  
  19  1:16  Probe  
  20  1:27  Cybernetics Core  
  20  1:34  Nexus  
  20  1:37  Probe  
  21  1:42  Assimilator  
  21  1:50  Pylon  
  21  1:52  Probe  
  22  2:04  Probe  
  22  2:05  Adept (Chrono Boost)  
  25  2:16  Probe  
  25  2:22  Stargate  
  26  2:25  Adept (Chrono Boost)  
  26  2:28  Probe  
  29  2:37  Warp Gate  
  29  2:40  Probe  
  29  2:45  Gateway  
  29  2:49  Probe  
  29  2:50  Adept  
  32  2:52  Probe  
  33  3:02  Shield Battery  
  37  3:14  Probe  
  37  3:15  Void Ray (Chrono Boost)  
  37  3:18  Probe  
  39  3:22  Pylon  
  39  3:26  Probe  
  40  3:31  Probe  
  41  3:38  Probe  
  41  3:40  Oracle (Chrono Boost)  
  45  3:43  Probe  
  46  3:50  Probe  
  46  3:55  Probe  
  48  3:56  Pylon  
  48  4:02  Probe  
  49  4:07  Probe  
  49  4:14  Probe  
  50  4:19  Probe  
  51  4:24  Gateway x2  
  51  4:26  Probe  
  52  4:31  Nexus  
  52  4:32  Pylon  
  52  4:37  Adept, Probe  
  55  4:38  Adept  
  55  4:44  Oracle  
  60  4:46  Probe  
  60  4:50  Probe  
  62  4:58  Probe  
  63  5:04  Forge, Twilight Council, Probe  
  63  5:06  Assimilator  
  64  5:11  Pylon, Probe  
  65  5:16  Stalker x2  
  69  5:28  Probe  
  70  5:29  Probe  
  71  5:37  Pylon  
  71  5:39  Pylon  
  71  5:40  Probe  
  71  5:42  Probe  
  73  5:44  Stalker x2  
  73  5:45  Probe  
  78  5:52  Probe  
  78  5:54  Probe  
  76  5:57  Probe  
  76  6:04  Stalker x2, Probe  
  75  6:07  Photon Cannon  
  75  6:08  Shield Battery  
  78  6:13  Probe  
  78  6:14  Stalker x2  
  78  6:18  Probe x2  
  85  6:23  Pylon  
  85  6:25  Probe, Pylon  
  86  6:38  Stalker x2  
  86  6:39  Stalker x2  
  91  6:42  Probe  
  91  6:45  Assimilator  
  91  6:46  Pylon  
Tags
 
Add a new tag
Caveats
  • Supply blocks, unpowered buildings, or Contaminate may cause inaccurate times.
  • Supply counts are checked every 10 seconds.